Map: 赛博森林-天梯版

Players

DnS - Winner!

  • Race: Protoss Protoss
  • Spawn Location: 11:00

Sakura

  • Race: Protoss Protoss
  • Spawn Location: 5:00

Event: 2019 WCS Summer

VOD

Have the link to the VOD?

Description

Time

  • Played on: July 12, 2019, 6:50 a.m.
  • Length: 6:31

All games in this series

Show
View Real Time Build Order
Export as new Build Order

DnS Protoss - Winner!

Build Orders: Oracle Opening 

Get SALT Encoding   

  12  0:00  Probe  
  13  0:12  Probe  
  14  0:17  Pylon  
  14  0:23  Probe  
  15  0:31  Probe  
  15  0:36  Gateway  
  15  0:39  Probe  
  16  0:46  Assimilator  
  17  0:51  Probe  
  17  0:56  Assimilator  
  18  1:00  Probe  
  19  1:08  Probe, Gateway  
  19  1:17  Probe  
  21  1:25  Cybernetics Core  
  21  1:29  Probe  
  22  1:35  Pylon  
  22  1:41  Probe  
  23  1:53  Probe  
  24  2:02  Stalker  
  24  2:03  Sentry, Warp Gate  
  28  2:14  Pylon  
  28  2:29  Stargate  
  28  2:38  Stalker  
  30  2:47  Stalker  
  32  3:08  Oracle  
  32  3:10  Nexus  
  32  3:14  Probe  
  36  3:23  Pylon  
  36  3:27  Probe  
  37  3:37  Oracle  
  37  3:39  Probe  
  38  3:43  Shield Battery  
  41  3:52  Stalker  
  44  3:55  Probe  
  44  4:01  Stalker  
  46  4:07  Probe  
  47  4:13  Pylon  
  47  4:21  Probe  
  48  4:24  Probe  
  48  4:26  Adept  
  48  4:30  Probe  
  51  4:32  Probe  
  53  4:38  Probe  
  53  4:39  Adept  
  53  4:40  Probe  
  57  4:48  Probe  
  57  4:51  Probe  
  59  4:57  Robotics Facility  
  59  5:00  Probe  
  59  5:02  Forge  
  59  5:03  Probe  
  61  5:11  Pylon  
  61  5:12  Probe  
  62  5:15  Probe  
  63  5:32  Stalker x2  
  63  5:34  Void Ray  
  69  5:37  Immortal  
  69  5:41  Probe  
  69  5:42  Probe  
  56  5:57  Stalker  
  56  5:58  Stalker  
  56  6:21  Stalker x2  
Show
View Real Time Build Order
Export as new Build Order

Sakura Protoss 

Build Orders:  

Get SALT Encoding   

  12  0:00  Probe  
  13  0:12  Probe  
  14  0:17  Pylon  
  14  0:24  Probe  
  15  0:32  Probe  
  15  0:35  Gateway  
  15  0:41  Probe  
  16  0:46  Assimilator  
  17  0:51  Probe  
  17  0:54  Assimilator  
  18  0:59  Probe  
  19  1:08  Probe, Gateway  
  19  1:18  Probe  
  20  1:25  Cybernetics Core  
  21  1:30  Probe  
  22  1:36  Pylon  
  22  1:42  Probe  
  23  1:51  Warp Gate  
  23  1:54  Probe  
  23  2:01  Adept x2  
  28  2:11  Pylon  
  28  2:30  Adept  
  28  2:31  Adept  
  32  2:48  Nexus  
  32  3:00  Adept  
  32  3:01  Adept  
  36  3:10  Robotics Facility  
  36  3:20  Pylon  
  36  3:30  Shield Battery  
  36  3:39  Adept x2  
  40  3:42  Probe  
  41  3:50  Observer  
  41  3:58  Probe  
  41  3:59  Stalker  
  41  4:00  Stalker  
  47  4:06  Probe  
  48  4:10  Probe  
  48  4:14  Warp Prism  
  47  4:18  Probe  
  48  4:31  Probe  
  48  4:33  Stalker  
  48  4:36  Stalker  
  51  4:45  Probe x2  
  53  4:56  Stalker  
  55  5:01  Stalker  
  55  5:03  Probe  
  55  5:06  Pylon  
  58  5:19  Adept x2  
  59  5:42  Stalker x2  
  51  6:00  Probe x2  
  52  6:04  Stalker  
  52  6:05  Stalker  
  52  6:10  Gateway  
  55  6:12  Probe  
  50  6:24  Zealot  
  50  6:25  Zealot  
Tags
 
Add a new tag
Caveats
  • Supply blocks, unpowered buildings, or Contaminate may cause inaccurate times.
  • Supply counts are checked every 10 seconds.